ITL
TOPEKA TORNADOS @ ALLENTOWN HILLBILLIES
05/31/2028
 
TOP OF THE 1ST
Topeka Tornados batting - Pitching for Allentown Hillbillies : RHP Carlos García
Pitching: RHP Carlos García
Batting: SHB Javier Peña 0-0: Ball
1-0: Bunt missed!
1-1: Fly out, F6 (Popup, 5D)
Batting: RHB Armando Méndez 0-0: Ball
1-0: Called Strike
1-1: Ball
2-1: Ball
3-1: Called Strike
3-2: Foul Ball, location: 2F
3-2: Fly out, F8 (Line Drive, 8LM)
Batting: LHB Ryan Drake 0-0: SINGLE (Groundball, 3S) (infield hit)
Batting: LHB Yoshiaki Ohayashi 0-0: Ball
1-0: Called Strike
1-1: Called Strike
1-2: Foul Ball, location: 2F
1-2: Ball
2-2: Foul Ball, location: 2F
2-2: Foul Ball, location: 2F
2-2: Ball
3-2: Base on Balls
Ryan Drake to second
Batting: RHB James Stevens 0-0: Called Strike
0-1: Fly out, F6 (Popup, 56D)
Top of the 1st over - 0 run(s), 1 hit(s), 0 error(s), 2 left on base; Topeka 0 - Allentown 0
BOTTOM OF THE 1ST
Allentown Hillbillies batting - Pitching for Topeka Tornados : LHP Tony Rivera
Pitching: LHP Tony Rivera
Batting: LHB António Salazar 0-0: Ball
1-0: Called Strike
1-1: Fly out, F3 (Line Drive, 3S)
Batting: RHB Dan Banks 0-0: Ball
1-0: Ball
2-0: Called Strike
2-1: Called Strike
2-2: Ball
3-2: Fly out, F4 (Popup, 4)
Batting: RHB Germano Labrego 0-0: Ball
1-0: Ball
2-0: Foul Ball, location: 2F
2-1: Ball
3-1: Base on Balls
Batting: RHB Albert Lutz 0-0: Ball
1-0: Ball
2-0: Ball
3-0: Called Strike
3-1: Foul Ball, location: 2F
3-2: Fly out, F9 (Flyball, 9D)
Bottom of the 1st over - 0 run(s), 0 hit(s), 0 error(s), 1 left on base; Topeka 0 - Allentown 0
TOP OF THE 2ND
Topeka Tornados batting - Pitching for Allentown Hillbillies : RHP Carlos García
Batting: LHB Ramón Pérez 0-0: SINGLE (Groundball, 4MD)
Batting: RHB Cho-yun Qiao 0-0: Ball
1-0: Foul Ball, location: 2F
1-1: Ball
2-1: Ball
3-1: Base on Balls
Ramón Pérez to second
Batting: RHB Bob Hall 0-0: Foul Ball, location: 2F
0-1: Called Strike
0-2: Foul Ball, location: 2F
0-2: 3-RUN HOME RUN (Flyball, 7D), Distance : 370 ft
Batting: RHB Ed Watkins 0-0: Foul Ball, location: 2F
0-1: Ball
1-1: Ball
2-1: SINGLE (Groundball, 4MD)
Batting: SHB Javier Peña 0-0: Called Strike
0-1: SINGLE (Line Drive, 89S)
Ed Watkins to second
Batting: RHB Armando Méndez 0-0: Called Strike
0-1: Ball
1-1: Foul Ball, location: 2F
1-2: DOUBLE (Groundball, 5L)
Ed Watkins scores
Javier Peña to third
Batting: LHB Ryan Drake 0-0: Ball
1-0: Ball
2-0: Ball
Wild Pitch!
Javier Peña scores
Armando Méndez to third
3-0: Called Strike
3-1: Called Strike
3-2: Foul Ball, location: 2F
3-2: Base on Balls
Batting: LHB Yoshiaki Ohayashi 0-0: Swinging Strike
0-1: Ball
1-1: Foul Ball, location: 2F
1-2: Ball
2-2: DOUBLE (Line Drive, 78D)
Armando Méndez scores
Ryan Drake to third
Pitching: RHP Jorge Ruíz
Batting: RHB James Stevens 0-0: Ground out 4-3 (Groundball, 4)
Ryan Drake scores
Yoshiaki Ohayashi to third
Batting: LHB Ramón Pérez 0-0: Ball
1-0: Ball
2-0: Called Strike
2-1: Called Strike
2-2: Foul Ball, location: 2F
2-2: Ball
3-2: Base on Balls
Batting: RHB Cho-yun Qiao 0-0: Called Strike
0-1: Fly out, F3 (Flyball, 34D)
Batting: RHB Bob Hall 0-0: Ball
1-0: Called Strike
1-1: Ball
2-1: Ball
3-1: Fly out, F6 (Line Drive, 6M)
Top of the 2nd over - 7 run(s), 6 hit(s), 0 error(s), 2 left on base; Topeka 7 - Allentown 0
BOTTOM OF THE 2ND
Allentown Hillbillies batting - Pitching for Topeka Tornados : LHP Tony Rivera
Batting: LHB Marcos Vargas 0-0: Ball
1-0: Ball
2-0: Swinging Strike
2-1: Ball
3-1: Base on Balls
Batting: RHB Marc Cox 0-0: Ball
1-0: Ball
2-0: Ball
3-0: Base on Balls
Marcos Vargas to second
Batting: RHB Justin Harris 0-0: Ball
1-0: Called Strike
1-1: Grounds into double play, 6-4-3 (Groundball, 6)
Marcos Vargas to third
Batting: LHB John Hudson 0-0: Ball
1-0: Ball
2-0: Ball
3-0: Base on Balls
Batting: RHB Joel Jackson 0-0: Swinging Strike
0-1: Called Strike
0-2: Ball
1-2: Ball
2-2: SINGLE (Groundball, 56D)
Marcos Vargas scores
John Hudson to second
Batting: LHB António Salazar 0-0: Called Strike
0-1: Ball
1-1: Ball
2-1: Called Strike
2-2: Strikes out swinging
Bottom of the 2nd over - 1 run(s), 1 hit(s), 0 error(s), 2 left on base; Topeka 7 - Allentown 1
TOP OF THE 3RD
Topeka Tornados batting - Pitching for Allentown Hillbillies : RHP Jorge Ruíz
Batting: RHB Ed Watkins 0-0: Ball
1-0: Ball
2-0: Called Strike
2-1: Fly out, F4 (Line Drive, 34)
Batting: SHB Javier Peña 0-0: Called Strike
0-1: Ball
1-1: Swinging Strike
1-2: Strikes out swinging
Batting: RHB Armando Méndez 0-0: Ball
1-0: Ground out 4-3 (Groundball, 4)
Top of the 3rd over - 0 run(s), 0 hit(s), 0 error(s), 0 left on base; Topeka 7 - Allentown 1
BOTTOM OF THE 3RD
Allentown Hillbillies batting - Pitching for Topeka Tornados : LHP Tony Rivera
Batting: RHB Dan Banks 0-0: Swinging Strike
0-1: SINGLE (Line Drive, 6D)
Batting: RHB Germano Labrego 0-0: Ball
1-0: Swinging Strike
1-1: Called Strike
1-2: Foul Ball, location: 2F
1-2: Ball
2-2: Strikes out swinging
Batting: RHB Albert Lutz 0-0: Called Strike
0-1: Ball
1-1: Swinging Strike
1-2: Ball
2-2: SINGLE (Groundball, 34) (infield hit)
Dan Banks to second
Batting: LHB Marcos Vargas 0-0: Called Strike
Dan Banks steals 3rd base
Albert Lutz to second
0-1: Ball
Wild Pitch!
Dan Banks scores
Albert Lutz to third
1-1: Foul Ball, location: 2F
1-2: Ground out 1-3 (Groundball, 15S)
Batting: RHB Marc Cox 0-0: Called Strike
0-1: Swinging Strike
0-2: Ball
1-2: Ball
2-2: Foul Ball, location: 2F
2-2: Strikes out swinging
Bottom of the 3rd over - 1 run(s), 2 hit(s), 0 error(s), 1 left on base; Topeka 7 - Allentown 2
TOP OF THE 4TH
Topeka Tornados batting - Pitching for Allentown Hillbillies : RHP Jorge Ruíz
Batting: LHB Ryan Drake 0-0: Ball
1-0: Ball
2-0: Ball
3-0: Base on Balls
Batting: LHB Yoshiaki Ohayashi 0-0: Swinging Strike
0-1: Ball
1-1: Fly out, F4 (Flyball, 4MD)
Pitching: LHP Nick Merrit
Batting: RHB James Stevens 0-0: Foul Ball, location: 2F
0-1: Ball
1-1: Grounds into double play, 4-6-3 (Groundball, 4)
Top of the 4th over - 0 run(s), 0 hit(s), 0 error(s), 0 left on base; Topeka 7 - Allentown 2
BOTTOM OF THE 4TH
Allentown Hillbillies batting - Pitching for Topeka Tornados : LHP Tony Rivera
Batting: RHB Justin Harris 0-0: SINGLE (Groundball, 56D)
Batting: LHB John Hudson 0-0: Foul Ball, location: 2F
0-1: Ball
1-1: Ball
2-1: Ball
3-1: Base on Balls
Justin Harris to second
Batting: RHB Joel Jackson 0-0: Ball
1-0: Called Strike
1-1: Fly out, F3 (Popup, 3L)
Batting: LHB António Salazar 0-0: Swinging Strike
0-1: Foul Ball, location: 2F
0-2: Strikes out looking
Pitching: LHP Jorge Ybarra
Batting: RHB Dan Banks 0-0: Called Strike
0-1: SINGLE (Groundball, 4MD)
Justin Harris to third
John Hudson to second
Runner from 3rd tries for Home, SAFE, no throw
Batting: RHB Germano Labrego 0-0: Fly out, F4 (Popup, 34D)
Bottom of the 4th over - 1 run(s), 2 hit(s), 0 error(s), 2 left on base; Topeka 7 - Allentown 3
TOP OF THE 5TH
Topeka Tornados batting - Pitching for Allentown Hillbillies : LHP Nick Merrit
Batting: LHB Ramón Pérez 0-0: Called Strike
0-1: Ball
1-1: Ball
2-1: Swinging Strike
2-2: Ball
3-2: Foul Ball, location: 2F
3-2: Strikes out swinging
Batting: RHB Cho-yun Qiao 0-0: Called Strike
0-1: Called Strike
0-2: Ball
1-2: Ball
2-2: Foul Ball, location: 2F
2-2: Foul Ball, location: 2F
2-2: Foul Ball, location: 2F
2-2: TRIPLE (Line Drive, 89XD)
Batting: RHB Bob Hall 0-0: Ball
1-0: Ball
2-0: Swinging Strike
2-1: Foul Ball, location: 2F
2-2: 2-RUN HOME RUN (Flyball, 7LD), Distance : 367 ft
Batting: RHB Ed Watkins 0-0: Ball
1-0: Foul Ball, location: 2F
1-1: Called Strike
1-2: Strikes out swinging
Batting: SHB Javier Peña 0-0: Ball
1-0: Called Strike
1-1: SOLO HOME RUN (Flyball, 7D), Distance : 362 ft
Pitching: LHP Dan Rogers
Batting: RHB Armando Méndez 0-0: Ball
1-0: Foul Ball, location: 2F
1-1: Ball
2-1: Fly out, F7 (Line Drive, 78M)
Top of the 5th over - 3 run(s), 3 hit(s), 0 error(s), 0 left on base; Topeka 10 - Allentown 3
BOTTOM OF THE 5TH
Allentown Hillbillies batting - Pitching for Topeka Tornados : LHP Jorge Ybarra
Batting: RHB Albert Lutz 0-0: Ball
1-0: Swinging Strike
1-1: Ball
2-1: Ball
3-1: Base on Balls
Batting: LHB Marcos Vargas 0-0: Ball
Throwing error on steal attempt, E2
Albert Lutz to third
1-0: Foul Ball, location: 2F
1-1: Ball
2-1: Ball
3-1: Foul Ball, location: 2F
3-2: Foul Ball, location: 2F
3-2: Fly out, F4 (Line Drive, 4)
Batting: RHB Marc Cox 0-0: Ground out 6-3 (Groundball, 6)
Albert Lutz scores
Batting: RHB Justin Harris 0-0: Ball
1-0: Foul Ball, location: 2F
1-1: Swinging Strike
1-2: Ball
2-2: Foul Ball, location: 2F
2-2: Fly out, F9 (Flyball, 89M)
Bottom of the 5th over - 1 run(s), 0 hit(s), 1 error(s), 0 left on base; Topeka 10 - Allentown 4
TOP OF THE 6TH
Topeka Tornados batting - Pitching for Allentown Hillbillies : LHP Dan Rogers
Batting: LHB Ryan Drake 0-0: Ball
1-0: Ball
2-0: Ball
3-0: Called Strike
3-1: Ground out 1-3 (Groundball, 13)
Batting: LHB Yoshiaki Ohayashi 0-0: Ball
1-0: Ball
2-0: Fly out, F7 (Flyball, 7LS)
Batting: RHB James Stevens 0-0: Swinging Strike
0-1: Swinging Strike
0-2: Strikes out looking
Top of the 6th over - 0 run(s), 0 hit(s), 0 error(s), 0 left on base; Topeka 10 - Allentown 4
BOTTOM OF THE 6TH
Allentown Hillbillies batting - Pitching for Topeka Tornados : LHP Jorge Ybarra
Batting: LHB John Hudson 0-0: Ball
1-0: Ball
2-0: Called Strike
2-1: Swinging Strike
2-2: Strikes out swinging
Batting: RHB Joel Jackson 0-0: Foul Ball, location: 2F
0-1: Ball
1-1: Swinging Strike
1-2: Ball
2-2: Ball
3-2: Strikes out swinging
Batting: LHB António Salazar 0-0: Called Strike
0-1: Called Strike
0-2: Ball
1-2: Strikes out swinging
Bottom of the 6th over - 0 run(s), 0 hit(s), 0 error(s), 0 left on base; Topeka 10 - Allentown 4
TOP OF THE 7TH
Topeka Tornados batting - Pitching for Allentown Hillbillies : LHP Dan Rogers
Batting: LHB Ramón Pérez 0-0: Ball
1-0: Ball
2-0: Called Strike
2-1: Foul Ball, location: 2F
2-2: Ground out 1-3 (Groundball, 13)
Batting: RHB Cho-yun Qiao 0-0: Ball
1-0: Ground out 3-1 (Groundball, 34)
Batting: RHB Bob Hall 0-0: Ball
1-0: Called Strike
1-1: Ball
2-1: Ball
3-1: Base on Balls
Batting: RHB Ed Watkins 0-0: Called Strike
0-1: Called Strike
0-2: Ball
1-2: Fly out, F5 (Popup, 5)
Top of the 7th over - 0 run(s), 0 hit(s), 0 error(s), 1 left on base; Topeka 10 - Allentown 4
BOTTOM OF THE 7TH
Allentown Hillbillies batting - Pitching for Topeka Tornados : LHP Jorge Ybarra
Batting: RHB Dan Banks 0-0: Ball
1-0: Called Strike
1-1: Swinging Strike
1-2: Ball
2-2: Strikes out swinging
Batting: RHB Germano Labrego 0-0: Swinging Strike
0-1: DOUBLE (Flyball, 78XD)
Batting: RHB Albert Lutz 0-0: Ground out 1-3 (Groundball, 15S)
Batting: LHB Marcos Vargas 0-0: Ball
1-0: Ball
2-0: Foul Ball, location: 2F
2-1: Swinging Strike
2-2: Strikes out looking
Bottom of the 7th over - 0 run(s), 1 hit(s), 0 error(s), 1 left on base; Topeka 10 - Allentown 4
TOP OF THE 8TH
Topeka Tornados batting - Pitching for Allentown Hillbillies : LHP Dan Rogers
Batting: SHB Javier Peña 0-0: Ball
1-0: Ball
2-0: Fly out, F9 (Flyball, 89S)
Batting: RHB Armando Méndez 0-0: Foul Ball, location: 2F
0-1: Ball
1-1: Foul Ball, location: 2F
1-2: Fly out, F9 (Flyball, 9)
Batting: LHB Ryan Drake 0-0: Ball
1-0: SINGLE (Flyball, 89S)
Batting: LHB Yoshiaki Ohayashi 0-0: Foul Ball, location: 2F
0-1: Foul Ball, location: 2F
0-2: SINGLE (Groundball, 4D)
Ryan Drake to second
Runner from 2nd tries for 3rd, OUT!
Top of the 8th over - 0 run(s), 2 hit(s), 0 error(s), 1 left on base; Topeka 10 - Allentown 4
BOTTOM OF THE 8TH
Allentown Hillbillies batting - Pitching for Topeka Tornados : LHP Jorge Ybarra
Pitching: LHP John Livingston
Now at SS: José González
Batting: RHB Marc Cox 0-0: Ground out 4-3 (Groundball, 4)
Batting: RHB Justin Harris 0-0: Ball
1-0: Ground out 6-3 (Groundball, 6)
Batting: LHB John Hudson 0-0: Fly out, F8 (Flyball, 78S)
Bottom of the 8th over - 0 run(s), 0 hit(s), 0 error(s), 0 left on base; Topeka 10 - Allentown 4
TOP OF THE 9TH
Topeka Tornados batting - Pitching for Allentown Hillbillies : LHP Dan Rogers
Batting: RHB James Stevens 0-0: Ball
1-0: Ball
2-0: SINGLE (Groundball, 56D)
Batting: LHB Ramón Pérez 0-0: Ball
1-0: Grounds into double play, 6-4-3 (Groundball, 6)
Batting: RHB Cho-yun Qiao 0-0: Ball
1-0: Called Strike
1-1: Ground out 6-3 (Groundball, 6)
Top of the 9th over - 0 run(s), 1 hit(s), 0 error(s), 0 left on base; Topeka 10 - Allentown 4
BOTTOM OF THE 9TH
Allentown Hillbillies batting - Pitching for Topeka Tornados : LHP John Livingston
Batting: RHB Joel Jackson 0-0: Ball
1-0: Ball
2-0: Called Strike
2-1: Foul Ball, location: 2F
2-2: Ball
3-2: Strikes out swinging
Batting: LHB António Salazar 0-0: Ball
1-0: Ball
2-0: Ground out U3 (Groundball, 34S)
Batting: RHB Dan Banks 0-0: Called Strike
0-1: Foul Ball, location: 2F
0-2: Ball
1-2: Ball
2-2: Ball
3-2: Foul Ball, location: 2F
3-2: Base on Balls
Batting: RHB Germano Labrego 0-0: Ball
1-0: Ball
2-0: Ball
3-0: Called Strike
3-1: Base on Balls
Dan Banks to second
Batting: RHB Albert Lutz 0-0: Ball
1-0: Ball
2-0: Called Strike
2-1: Ground out U3 (Groundball, 34S)
Bottom of the 9th over - 0 run(s), 0 hit(s), 0 error(s), 2 left on base; Topeka 10 - Allentown 4
Tuesday, August 8th, 2017 - OOTP Baseball 17.12 Build 75